 Dungeon Crawl Stone Soup version 0.22.0 (webtiles) character file.

6484 askrwodan the Basher (level 10, -5/89 HPs)
             Began as a Demonspawn Chaos Knight on Aug 12, 2018.
             Slain by a seven-headed hydra (7 damage)
             ... on level 1 of the Lair of Beasts.
             The game lasted 00:29:11 (7711 turns).

askrwodan the Basher (Demonspawn Chaos Knight)      Turns: 7711, Time: 00:29:14

Health: -5/89      AC: 20    Str: 19    XL:     10   Next: 68%
Magic:  9/9        EV:  9    Int: 13    God:    Xom [..*...]
Gold:   117        SH:  0    Dex: 12    Spells: 8/9 levels left

rFire    + . .     SeeInvis +   a - +3 mace (chaos)
rCold    . . .     Gourm    .   (no shield)
rNeg     . . .     Faith    .   q - +2 plate armour
rPois    +         Spirit   .   (helmet restricted)
rElec    .         Reflect  .   o - scarf {repulsion}
rCorr    .         Harm     .   t - +0 pair of gloves {archery}
MR       +....                  (no boots)
Stlth    ..........             (no amulet)
HPRegen  0.24/turn              m - +2 ring of evasion
MPRegen  0.11/turn              l - ring of poison resistance

@: repel missiles
A: beak, molten scales 2, see invisible, blink, fire resistance 1, low mp 1,
magic resistance 1, mutation resistance 2, nightstalker 2, powered by death 1,
robust 1, strong 1
a: Blink, Renounce Religion


You were on level 1 of the Lair of Beasts.
You worshipped Xom.
You were a toy of Xom.
You were not hungry.

You visited 2 branches of the dungeon, and saw 10 of its levels.

You collected 521 gold pieces.
You spent 404 gold pieces at shops.

Inventory:

Hand Weapons
 a - a +3 mace of chaos (weapon)
 y - a +2 short sword of electrocution
 E - a +1 halberd of chopping
Missiles
 i - 87 poisoned needles
 x - 5 needles of sleeping
Armour
 b - a +0 leather armour of fire resistance
 o - a scarf of repulsion (worn)
 q - a +2 plate armour (worn)
 r - a scarf of spirit shield
 t - a +0 pair of gloves of archery (worn)
 z - a +3 scale mail
Jewellery
 e - an uncursed ring of ice
 g - an uncursed ring of stealth
 l - a ring of poison resistance (right hand)
 m - a +2 ring of evasion (left hand)
 H - an uncursed ring of flight
Wands
 u - a wand of digging (6)
 v - a wand of scattershot (8)
 D - a wand of disintegration (19)
 F - a wand of iceblast (12)
Scrolls
 d - 5 scrolls of identify
 f - 2 scrolls of teleportation
 h - 4 scrolls of remove curse
 k - 3 scrolls of amnesia
 n - 2 scrolls of random uselessness
 p - a scroll of fear
 A - a scroll of blinking
Potions
 j - a potion of cancellation
 s - a potion of agility
 w - 3 potions of brilliance
 B - a potion of heal wounds
 C - a potion of curing
Comestibles
 c - 11 rations


   Skills:
 + Level 8.3 Fighting
 + Level 0.4 Short Blades
 + Level 10.0 Maces & Flails
 + Level 2.3 Polearms
 + Level 8.0 Armour
 + Level 2.8 Dodging
 + Level 2.4 Stealth


You had 8 spell levels left.
You knew the following spells:

 Your Spells              Type           Power        Failure   Level  Hunger
a - Infusion              Chrm           #...         100%        1    ##.....

Your spell library contained the following spells:

 Spells                   Type           Power        Failure   Level  Hunger
 Ozocubu's Armour         Chrm/Ice       #.......     100%        3    ####...
 Stone Arrow              Conj/Erth      #.....       100%        3    ####...
 Passwall                 Tmut/Erth      #.......     100%        2    ###....
 Lee's Rapid Deconstruct  Erth           #.........   100%        5    ######.
 Sandblast                Erth           #.....       100%        1    ##.....
 Petrify                  Tmut/Erth      #.......     100%        4    #####..
 Iskenderun's Battlesphe  Conj/Chrm      #.......     100%        5    ######.
 Song of Slaying          Chrm           #.......     100%        2    ###....
 Spectral Weapon          Hex/Chrm       #.......     100%        3    ####...


Dungeon Overview and Level Annotations

Branches:
Dungeon (9/15)             Temple (0/1) D:7            Lair (1/6) D:9
    Orc: D:9-12

Altars:
Ashenzari
Cheibriados
Gozag
Hepliaklqana
Kikubaaqudgha
Nemelex Xobeh
Okawaru
Vehumet
Wu Jian
Xom
Zin

Shops:
D:6 (   D:8 ?


Innate Abilities, Weirdness & Mutations

You are mostly covered in molten scales. (AC +3)
You are significantly more attuned to the shadows.
You regenerate a little health from kills.
You have a beak for a mouth.
You have supernaturally acute eyesight. (SInv)
You can translocate small distances at will.
Your flesh is heat resistant. (rF+)
Your magical capacity is low. (-10% MP)
You are resistant to hostile enchantments. (MR+)
You are somewhat resistant to both further mutation and mutation removal.
You are robust. (+10% HP)
Your muscles are strong. (Str +2)


Message History

The seven-headed hydra bites you!
The seven-headed hydra closely misses you.
The seven-headed hydra bites you!
The seven-headed hydra bites you but does no damage.
The seven-headed hydra bites you. The seven-headed hydra bites you!
* * * LOW HITPOINT WARNING * * *
You hit the seven-headed hydra.
The seven-headed hydra is lightly wounded.
The seven-headed hydra barely misses you.
The seven-headed hydra bites you.
* * * LOW HITPOINT WARNING * * *
The seven-headed hydra bites you but does no damage.
The seven-headed hydra bites you!
* * * LOW HITPOINT WARNING * * *
The seven-headed hydra bites you!
* * * LOW HITPOINT WARNING * * *
The seven-headed hydra bites you but does no damage.
The seven-headed hydra bites you!
You die...
Xom bursts into laughter!

#..........
...........
#..........
#..........
#..........
##...†@D%...
#...........
###########.


You could see a seven-headed hydra (invisible).

Vanquished Creatures
  Harold (D:8)
  A two-headed ogre (D:9)
  2 hippogriffs
  Sigmund (D:2)
  A shadow (D:6)
  4 yaks (D:9)
  A water moccasin (D:8)
  2 orc warriors
  3 black bears
  3 ice beasts
  A sky beast (D:6)
  4 ogres
  2 centaurs (D:6)
  2 big kobolds
  7 bullfrogs
  2 scorpions
  A howler monkey (D:7)
  A crimson imp (D:9)
  2 jellies
  6 hounds
  A gnoll shaman (D:9)
  An orc priest (D:6)
  A centaur skeleton (D:8)
  Jessica (D:8)
  An iguana (D:7)
  7 orc wizards
  6 worker ants
  A hound zombie (D:5)
  A hound skeleton (D:3)
  12 adders
  3 gnolls (D:9)
  2 shadow imps
  An ooze (D:3)
  An adder zombie (D:6)
  An adder skeleton (D:8)
  4 worms
  7 leopard geckos
  28 orcs
  7 giant cockroaches
  11 goblins
  8 hobgoblins (D:2)
  11 jackals
  7 quokkas
  8 bats
  7 frilled lizards
  8 kobolds
  A quokka skeleton (D:6)
  A quokka zombie (D:8)
  7 rats
202 creatures vanquished.

Vanquished Creatures (collateral kills)
  The ghost of Jorund the Cleaver, a novice DsGl of Okawaru (D:8)
  The ghost of patthesweetcat the Magician, a novice DEFE of Sif Muna (D:6)
  A bullfrog (D:8)
  An orc priest (D:8)
  An orc (D:8)
5 creatures vanquished.

Vanquished Creatures (others)
  4 yaks (Lair:1)
  A kobold (D:8)
5 creatures vanquished.

Grand Total: 212 creatures vanquished

Notes
Turn   | Place    | Note
-------+----------+-------------------------------------------
     0 | D:1      | askrwodan the Demonspawn Chaos Knight began the quest for the Orb.
     0 | D:1      | Reached XP level 1. HP: 18/18 MP: 1/1
    12 | D:1      | XOM: harmless Fire miscast
   132 | D:1      | Gained mutation: You regenerate a little health from kills. [demonic ancestry]
   132 | D:1      | Reached XP level 2. HP: 15/24 MP: 2/2
   150 | D:1      | Noticed a bullfrog
   150 | D:1      | a jackal changed into a bullfrog
   151 | D:1      | Killed a bullfrog
   151 | D:1      | Reached skill level 3 in Maces & Flails
   151 | D:1      | Reached skill level 1 in Dodging
   151 | D:1      | Gained mutation: You are partially covered in molten scales. (AC +2) [demonic ancestry]
   151 | D:1      | Reached XP level 3. HP: 15/30 MP: 3/3
   151 | D:1      | Reached XP level 4. HP: 18/37 MP: 4/4
   177 | D:1      | XOM: harmless Summ miscast
   633 | D:1      | XOM: noise
   989 | D:2      | XOM: scenery: 1 doors open
  1085 | D:2      | XOM: mild Hex miscast
  1270 | D:2      | Found a sparkling altar of Nemelex Xobeh.
  1404 | D:2      | Reached skill level 4 in Maces & Flails
  1404 | D:2      | Gained mutation: You are mostly covered in molten scales. (AC +3) [demonic ancestry]
  1404 | D:2      | Reached XP level 5. HP: 41/42 MP: 5/5
  1513 | D:2      | Noticed Sigmund
  1527 | D:2      | Gained mutation: Your magical capacity is low. (-10% MP) [potion of mutation]
  1527 | D:2      | Gained mutation: You are somewhat resistant to further mutation. [potion of mutation]
  1531 | D:2      | XOM: smoke on damage
  1616 | D:2      | XOM: fog
  1680 | D:2      | Killed Sigmund
  1680 | D:2      | Reached XP level 6. HP: 16/48 MP: 5/5
  1782 | D:2      | XOM: give mutations
  1782 | D:2      | Gained mutation: You are robust. (+10% HP) [Xom's grace]
  1782 | D:2      | Gained mutation: Your flesh is heat resistant. (rF+) [Xom's grace]
  1782 | D:2      | Gained mutation: You are resistant to hostile enchantments. (MR+) [Xom's grace]
  1782 | D:2      | Gained mutation: Your muscles are strong. (Str +2) [Xom's grace]
  2142 | D:3      | XOM: give mutations
  2142 | D:3      | Gained mutation: You can translocate small distances at will. [Xom's grace]
  2142 | D:3      | Gained mutation: You have sharp toenails. [Xom's grace]
  2142 | D:3      | Gained mutation: You possess an exceptional clarity of mind. [Xom's grace]
  2459 | D:3      | XOM: summons 4 hostile shadow creatures
  2607 | D:3      | XOM: god gift: potion of curing
  2633 | D:3      | XOM: god gift: scroll of amnesia
  2675 | D:3      | Identified Xom's Catalogue of Free Will (Xom gifted it to you on level 3 of the Dungeon)
  2675 | D:3      | XOM: god gift: Xom's Catalogue of Free Will
  2685 | D:3      | Learned a level 1 spell: Infusion
  2728 | D:3      | Found an ornate altar of the Wu Jian Council.
  2918 | D:4      | Found an ancient bone altar of Kikubaaqudgha.
  2920 | D:4      | Found a hazy altar of Hepliaklqana.
  2921 | D:4      | Found a shattered altar of Ashenzari.
  2921 | D:4      | Found an iron altar of Okawaru.
  2931 | D:4      | Reached skill level 5 in Maces & Flails
  2943 | D:4      | Found a shimmering altar of Xom.
  3145 | D:4      | XOM: cloud trail
  3171 | D:4      | Gained mutation: You are slightly more attuned to the shadows. [demonic ancestry]
  3171 | D:4      | Reached XP level 7. HP: 60/60 MP: 6/6
  3260 | D:4      | XOM: give mutations
  3260 | D:4      | Gained mutation: You are somewhat resistant to both further mutation and mutation removal. [Xom's grace]
  3260 | D:4      | Gained mutation: You have a beak for a mouth. [Xom's grace]
  3555 | D:4      | XOM: noise
  3602 | D:4      | Reached skill level 6 in Maces & Flails
  3770 | D:4      | XOM: cloud trail
  3849 | D:5      | Entered Level 5 of the Dungeon
  3998 | D:5      | Reached skill level 5 in Fighting
  4074 | D:5      | XOM: summons 2 hostile demons
  4153 | D:5      | Gained mutation: You are significantly more attuned to the shadows. [demonic ancestry]
  4153 | D:5      | Reached XP level 8. HP: 21/68 MP: 3/7
  4461 | D:5      | XOM: 1-stop teleportation journey
  4585 | D:5      | XOM: silly message
  4700 | D:5      | XOM: give mutations
  4700 | D:5      | Lost mutation: You possess an exceptional clarity of mind. [Xom's mischief]
  4700 | D:5      | Lost mutation: You have sharp toenails. [Xom's mischief]
  4700 | D:5      | Gained mutation: You have supernaturally acute eyesight. (SInv) [Xom's mischief]
  4883 | D:6      | Found a transporter.
  4883 | D:6      | Found a transporter.
  4883 | D:6      | Noticed patthesweetcat's ghost (novice DEFE)
  4896 | D:6      | Reached skill level 7 in Maces & Flails
  4898 | D:6      | XOM: summons 8 friendly demons
  4904 | D:6      | Killed patthesweetcat's ghost
  4913 | D:6      | Got a heavily runed naga barding
  4941 | D:6      | XOM: 2-stop teleportation journey
  4949 | D:6      | XOM: cast spell 'Ring of Flames'
  4950 | D:6      | Reached skill level 5 in Armour
  4975 | D:6      | Found a radiant altar of Vehumet.
  5051 | D:6      | Reached skill level 8 in Maces & Flails
  5116 | D:6      | Found Meumu's Antique Weapon Shoppe.
  5128 | D:6      | Bought a glowing short sword for 180 gold pieces
  5250 | D:6      | XOM: cast spell 'Dispersal'
  5434 | D:7      | Reached XP level 9. HP: 71/75 MP: 8/8
  5447 | D:7      | XOM: harmless Fire miscast
  5630 | D:7      | Reached skill level 1 in Stealth
  5657 | D:7      | Found a snail-covered altar of Cheibriados.
  5857 | D:7      | Found a staircase to the Ecumenical Temple.
  6238 | D:7      | Found an opulent altar of Gozag.
  6486 | D:8      | XOM: summons friendly white imp
  6510 | D:8      | XOM: polymorph white imp -> iron imp
  6558 | D:8      | Reached skill level 1 in Polearms
  6558 | D:8      | XOM: enchant monster (good)
  6595 | D:8      | Found a glowing silver altar of Zin.
  6711 | D:8      | Reached skill level 9 in Maces & Flails
  6741 | D:8      | Found Vegeogu's Magic Scroll Shoppe.
  6753 | D:8      | Bought a scroll of enchant weapon for 112 gold pieces
  6753 | D:8      | Bought a scroll of enchant armour for 112 gold pieces
  6782 | D:8      | Noticed Harold
  6783 | D:8      | XOM: cleaving
  6866 | D:8      | Found a large runed door.
  6867 | D:8      | Found a large runed door.
  6874 | D:8      | Noticed Jorund's ghost (novice DsGl)
  6880 | D:8      | Killed Jorund's ghost
  6917 | D:8      | Reached XP level 10. HP: 82/84 MP: 9/9
  6979 | D:8      | XOM: summons 5 hostile demons
  6985 | D:8      | XOM: smoke on damage
  7057 | D:8      | XOM: destruction
  7082 | D:8      | XOM: cleaving
  7086 | D:8      | XOM: fog
  7088 | D:8      | Killed Harold
  7264 | D:8      | Noticed Jessica
  7268 | D:8      | Killed Jessica
  7449 | D:9      | Noticed a two-headed ogre
  7464 | D:9      | Killed a two-headed ogre
  7481 | D:9      | Found a staircase to the Lair.
  7488 | Lair:1   | Entered Level 1 of the Lair of Beasts
  7695 | Lair:1   | XOM: divine lightning
  7701 | Lair:1   | Reached skill level 10 in Maces & Flails
  7701 | Lair:1   | XOM: divine lightning
  7701 | Lair:1   | Noticed a seven-headed hydra
  7711 | Lair:1   | HP: 2/89 [seven-headed hydra (7)]
  7711 | Lair:1   | Slain by a seven-headed hydra

Skill      XL: |  1  2  3  4  5  6  7  8  9 10 |
---------------+-------------------------------+-----
Maces & Flails | 3 4 5 6 8 9 10 | 10.0
Armour         | 2 3 4 5 7 8 |  8.0
Dodging        | 1 2 |  2.8
Fighting       | 4 5 6 8 |  8.3
Stealth        | 2 |  2.4
Polearms       | 2 |  2.3
Short Blades   | |  0.4

Action                   |  1- 3 |  4- 6 |  7- 9 | 10-12 || total
-------------------------+-------+-------+-------+-------++-------
Melee: Mace              |    42 |   262 |   313 |   136 ||   753
       Kick              |       |    30 |    30 |       ||    60
       Peck              |       |       |    60 |    32 ||    92
       Short sword       |       |       |    15 |       ||    15
       Halberd           |       |       |    31 |       ||    31
 Abil: Blink             |       |       |       |     1 ||     1
  Use: Scroll            |       |     7 |     5 |     4 ||    16
       Potion            |       |     7 |     2 |     1 ||    10
 Stab: Paralysed         |       |     4 |     1 |     1 ||     6
       Confused          |       |       |     2 |       ||     2
       Petrified         |       |       |     2 |       ||     2
       Distracted        |       |       |     1 |       ||     1
       Petrifying        |       |       |     1 |       ||     1
  Eat: Chunk             |       |     2 |     4 |     3 ||     9
       Ration            |       |     2 |     2 |     1 ||     5
Armor: Leather armour    |    23 |    66 |       |       ||    89
       Plate armour      |       |   164 |   256 |   139 ||   559
Dodge: Dodged            |    45 |   140 |   108 |   102 ||   395
       Deflected         |       |       |     3 |       ||     3
